 Dungeon Crawl Stone Soup version 0.28-a0-1435-g82390b3a13 (webtiles) character file.

Game seed: 3573737616115250033

4 riojii the Ruffian (level 1, -1/16 HPs)
             Began as a Draconian Transmuter on Jan 10, 2022.
             Slain by a gnoll (4 damage)
             ... on level 1 of the Dungeon.
             The game lasted 00:00:46 (337 turns).

riojii the Ruffian (Draconian Transmuter)            Turns: 337, Time: 00:00:46

Health: -1/16      AC:  4    Str: 12    XL:     1   Next: 58%
Magic:  2/3        EV: 12    Int: 13    God:
Gold:   31         SH:  0    Dex: 11    Spells: 3/4 levels left

rFire   . . .      SeeInvis .     - Unarmed
rCold   . . .      Faith    .   (no shield)
rNeg    . . .      Spirit   .   (armour unavailable)
rPois   .          Reflect  .   (helmet currently unavailable)
rElec   .          Harm     .   (no cloak)
rCorr   .          Rampage  .   (no gloves)
Will    .....                   (boots currently unavailable)
Stlth   +.........              (no amulet)
HPRegen 0.05/turn               (no ring)
MPRegen 0.08/turn               (no ring)

@: appendages (expiring)
A: horns 2, talons 2, AC +4, unfitting armour, cold-blooded
a: End Transformation


You were on level 1 of the Dungeon.
You had temporarily grown beastly horns and talons.
You visited 1 branch of the dungeon, and saw 1 of its levels.

You collected 31 gold pieces.

Inventory:

Potions
 a - 2 potions of attraction {unknown}


   Skills:
 + Level 1.2 Fighting
 + Level 1.8 Dodging
 * Level 3.1 Unarmed Combat
 + Level 2.0 Spellcasting
 + Level 2.1 Transmutations


You had 3 spell levels left.
You knew the following spells:

 Your Spells              Type           Power      Damage    Failure   Level
a - Beastly Appendage     Tmut           12%        N/A       11%         1

Your spell library contained the following spells:

 Spells                   Type           Power      Damage    Failure   Level
 Wereblood                Tmut           6%         N/A       16%         2
 Spider Form              Tmut/Pois      4%         N/A       45%         3
 Ice Form                 Ice/Tmut       4%         N/A       86%         4


Dungeon Overview and Level Annotations

Branches:
Dungeon (1/15)

Altars:


Innate Abilities, Weirdness & Mutations

You have temporarily grown beastly horns and talons.
Your plain brown scales are hard. (AC +4)
You cannot fit into any form of body armour.
You are cold-blooded and may be slowed by cold attacks.


Message History

You hit the dart slug.
The dart slug is lightly wounded.
The bat closely misses you.
The gnoll hits the plant with a +0 whip.
The plant begins to die.
The dart slug barely misses you. The bat misses you.
The bat hits you but does no damage. The bat misses you.
Your horns disappear.
Your talons disappear.
The bat barely misses you. The bat barely misses you.
A nearby plant withers and dies.
The bat closely misses you.
You grow a pair of large bovine horns.
Your feet morph into talons.
The kobold hits you with a +1 short sword of freezing.
You feel yourself slow down. The kobold freezes you.
You hit the kobold.
The kobold is heavily wounded.
The kobold closely misses you. The kobold hits you but does no damage.
You closely miss the kobold. You claw the kobold.
You kill the kobold!
Your transformation is almost over.
You feel yourself speed up. The bat closely misses you.
The bat hits you but does no damage. The gnoll hits you with a +0 whip.
You hit the gnoll but do no damage. Your kick misses the gnoll.
The bat misses you. The bat hits you but does no damage. The gnoll misses you.
You hit the gnoll. Your kick misses the gnoll.
Your tail-slap misses the gnoll.
The gnoll is moderately wounded.
The bat hits you but does no damage. The gnoll hits you with a +0 whip.
You miss the bat. You headbutt the bat, but do no damage.
Your tail-slap misses the bat.
The bat hits you but does no damage. The gnoll hits you with a +0 whip.
* * * LOW HITPOINT WARNING * * *
The bat closely misses you.
You hit the gnoll but do no damage.
The gnoll is moderately wounded.
The bat closely misses you. The gnoll misses you.
The bat hits you but does no damage.
You hit the gnoll but do no damage. Your kick misses the gnoll.
The gnoll is moderately wounded.
The bat hits you but does no damage. The gnoll hits you with a +0 whip.
You die...

#. #...PP.P. ####.#### ###.
#...PP... .........
....###..P....P ####.####
#.......P.PPP ..##.########
#.......P.P.P ..##.##.....#
###.....P.P...P
≈....##.....####.#........PP..
≈....##..........#.g.w........
≈.)..##........#@#†...........
≈....##........#bgw...........
≈.....'...†....###............
≈.....#........# #............
≈.....#........# #............
≈.....#........# ############
≈.....#........#
≈.....#........#
≈.....######...#


You could see a gnoll, a dart slug and a bat.

Vanquished Creatures
  A ball python (D:1)
  A goblin (D:1)
  A kobold (D:1)
  A rat (D:1)
4 creatures vanquished.

Vanquished Creatures (others)
  A plant (D:1)
1 creature vanquished.

Grand Total: 5 creatures vanquished

Notes
Turn   | Place    | Note
-------+----------+-------------------------------------------
     0 | D:1      | riojii the Draconian Transmuter began the quest for the
                  | Orb.
     0 | D:1      | Reached XP level 1. HP: 16/16 MP: 3/3
   337 | D:1      | Slain by a gnoll

Illustrated notes

Levels and vault maps discovered:
D:1:      dpeg_arrival_castle, layout_basic,
          shapermc_ecumenical_altar_mp_ritualfount, nicolae_grassy_gnolls

Action                   || total
-------------------------++-------
Melee: Unarmed           ||    15
       Kick              ||     1
       Headbutt          ||     1
 Cast: Beastly Appendage ||     5
Armor: Skin              ||    10
Dodge: Dodged            ||    20

Table legend: (Time is in decaauts)
 A = Elapsed time spent in this place.
 B = Non-inter-level travel time spent in this place.
 C = Inter-level travel time spent in this place.
 D = Time resting spent in this place.
 E = Time spent auto-exploring this place.
 F = Levels seen in this place.
 G = Mean time per level.
                   A        B        C        D        E       F      G
               +--------+--------+--------+--------+--------+-----+--------+
         Total |    340 |    340 |      0 |      0 |    258 |   1 |  340.0 |
       Dungeon |    340 |    340 |      0 |      0 |    258 |   1 |  340.0 |
               +--------+--------+--------+--------+--------+-----+--------+

Top non-repeatable levels by time:
     D:1: 340 daAuts
